 Dungeon Crawl Stone Soup version 0.31.0-11-ge490571c62 (webtiles) character file.

Game seed: 16666450665958724179

20061 qw the Skirmisher (level 12, -4/61 HPs)
             Began as a Spriggan Hunter on Feb 4, 2024.
             Was a High Priest of Okawaru.
             Slain by a skyshark (7 damage)
             ... on level 3 of the Lair of Beasts.
             The game lasted 00:01:07 (8884 turns).

qw the Skirmisher (Spriggan Hunter)                 Turns: 8884, Time: 00:01:07

Health: -4/61      AC: 14    Str:  7    XL:     12   Next: 42%
Magic:  13/20      EV: 37    Int: 11    God:    Okawaru [*****.]
Gold:   564        SH:  0    Dex: 29    Spells: 11/11 levels left

rFire   . . .        p - +0 arbalest (freeze)
rCold   . . .        (shield currently unavailable)
rNeg    . . .        n - +2 swamp dragon scales
rPois   +            (helmet restricted)
rElec   .            g - +2 cloak
rCorr   .            (gloves unavailable)
SInv    +            (boots unavailable)
Will    ++...        (no amulet)
Stlth   ++++         e - +6 ring of dexterity
HPRegen 0.30/turn    b - +5 ring of evasion
MPRegen 0.17/turn

%: no passive effects
@: heroic, finesse-ful, very quick
A: very small, no large weapons, unfitting armour, see invisible, speed 3
a: Renounce Religion, Heroism, Finesse, Duel


You were on level 3 of the Lair of Beasts.
You worshipped Okawaru.
Okawaru was extremely pleased with you.
You visited 2 branches of the dungeon, and saw 11 of its levels.
You also visited: Ossuary.

You collected 699 gold pieces.
You spent 135 gold pieces at shops.


Innate Abilities, Weirdness & Mutations

You are very small and have problems with some larger weapons.
You are too small for most types of armour.
You have supernaturally acute eyesight. (SInv)
You cover ground extremely quickly. (Speed+++)


   Skills:
 - Level 6.0(11.0) Fighting
 + Level 14.0(19.0) Ranged Weapons
 - Level 2.3(7.3) Armour
 - Level 13.1(18.1) Dodging
 - Level 1.5(6.5) Stealth
 + Level 9.8 Invocations


You had 11 spell levels left.
You didn't know any spells.
Your spell library was empty.

Inventory:

Hand Weapons
 p - a +0 arbalest of freezing (weapon)
Armour
 g - a +2 cloak (worn)
 n - +2 swamp dragon scales (worn)
Jewellery
 b - a +5 ring of evasion (right hand)
 e - a +6 ring of dexterity (left hand)
 j - a ring of fire
Wands
 f - a wand of roots (16)
 i - a wand of mindburst (2)
 o - a wand of polymorph (5)
 r - a wand of acid (1)
Potions
 a - 3 potions of curing
 k - a potion of cancellation
 l - a potion of resistance
 q - a potion of brilliance {unknown}
 s - a potion of berserk rage {unknown}

Dungeon Overview and Level Annotations

Branches:
Dungeon (8/15)             Temple (0/1) D:6            Lair (3/5) D:8
 Spider (0/4) Lair:2      Ossuary (visited)
  Swamp: Lair:2-3    Shoals: Lair:2-3

Altars:
Cheibriados
Elyvilon
Fedhas
Kikubaaqudgha
Makhleb
Okawaru
Qazlal
Ru
Sif Muna
Wu Jian
Xom

Shops:
D:6 (   D:8 [


Message History

The wraith barely misses you. The wraith completely misses you.
You shoot a bolt. The bolt hits the wraith!
The bolt freezes the wraith.
The wraith is heavily damaged.
The wraith hits you but does no damage.
You shoot a bolt. The bolt hits the wraith!
The bolt freezes the wraith.
You destroy the wraith!
Okawaru accepts your kill.
You climb downwards.
There is a stone staircase leading up here.
You shoot a bolt. The bolt hits the skyshark.
The bolt freezes the skyshark.
The skyshark is lightly wounded.
You shoot a bolt. The bolt hits the skyshark!!
The skyshark seems to slow down.
The bolt freezes the skyshark!
The skyshark is moderately wounded.
You shoot a bolt. The bolt hits the skyshark!!
The bolt freezes the skyshark.
The skyshark is severely wounded.
The skyshark is no longer moving slowly.
You shoot a bolt. The bolt hits the skyshark.
The bolt freezes the skyshark.
The skyshark is severely wounded.
The skyshark completely misses you. The skyshark closely misses you.
The skyshark tail-slaps you but does no damage.
The skyshark completely misses you. The skyshark misses you.
The skyshark tail-slaps you.
You shoot a bolt.
The bolt hits the skyshark but does no damage.
The skyshark is severely wounded.
The skyshark bites you!
The skyshark tastes blood and grows stronger!
The skyshark tail-slaps you. The skyshark completely misses you.
8882 ||| INVOKING Finesse.
You can now deal lightning-fast blows.
The skyshark completely misses you. x2; The skyshark tail-slaps you.
You shoot a bolt.
The bolt completely misses the skyshark.
The skyshark bites you!!
The skyshark enters a blood-rage!
The skyshark closely misses you. The skyshark tail-slaps you!
8884 ||| INVOKING Heroism.
You gain the combat prowess of a mighty hero.
The skyshark completely misses you. x2; The skyshark tail-slaps you!
You die...

.......##..
#.#........
#.#........
##..........
#.........# # #
##........# ...
..##....####.#....
..................
.........F@.......
##..P..#.#######P.
..........#
...<...#.##
.......W...#
.....W..%.##
.........##
....)..P.P
..........


You could see a skyshark (berserk).

Vanquished Creatures
  Josephine (Lair:3)
  Erica (D:8)
  Amaemon (D:8)
  Joseph (D:8)
  5 elephants (Lair:2)
  2 torpor snails
  A rime drake (Lair:2)
  An orange demon (D:8)
  5 cane toads
  6 komodo dragons
  A troll (D:7)
  Grinder (D:3)
  2 polar bears (Lair:2)
  A hornet (D:8)
  3 blink frogs (Lair:1)
  31 yaks
  A wyvern (D:8)
  3 wraiths
  5 basilisks
  5 water moccasins
  Duvessa (D:4)
  An orc warrior (D:8)
  3 ice beasts
  2 sky beasts
  2 black bears
  4 ogres
  5 wolves (Lair:1)
  A centaur (D:8)
  Blork the orc (D:6)
  A kobold brigand (D:8)
  11 bullfrogs
  3 scorpions (Lair:2)
  Dowan (D:4)
  A burial acolyte (D:5)
  5 wights (D:8)
  3 killer bees (D:8)
  2 howler monkeys (D:6)
  A bombardier beetle (D:6)
  5 hounds
  2 orc priests
  A jelly (D:6)
  A gnoll bouda (D:8)
  A human zombie (Ossuary)
  3 iguanas
  7 orc wizards
  2 hound zombies (Ossuary)
  Robin (D:3)
  9 gnolls
  4 adders
  3 shadow imps (D:5)
  A white imp (D:5)
  6 adder zombies
  3 ribbon worms
  4 dart slugs
  23 orcs
  5 ball pythons
  4 endoplasms
  5 giant cockroaches
  5 gnoll zombies
  19 goblins
  12 hobgoblins
  6 jackals
  11 kobolds
  6 quokkas
  5 bats
  3 frilled lizards
  3 jackal zombies (Ossuary)
  5 kobold zombies
  6 orc zombies
  8 rats
304 creatures vanquished.

Vanquished Creatures (others)
  Maggie (D:6)
1 creature vanquished.

Grand Total: 305 creatures vanquished

Notes
Turn   | Place    | Note
-------+----------+-------------------------------------------
     0 | D:1      | qw the Spriggan Hunter began the quest for the Orb.
     0 | D:1      | Reached XP level 1. HP: 10/10 MP: 2/2
     0 | D:1      | 0 ||| qw: Version: 0.3-a-160-g6735b56
     0 | D:1      | 0 ||| qw: Game counter: 4990
     0 | D:1      | 0 ||| qw: Melee chars always use a shield: true
     0 | D:1      | 0 ||| qw: God list: Okawaru
     0 | D:1      | 0 ||| qw: Allow faded altars: false
     0 | D:1      | 0 ||| qw: Do Orc after clearing Dungeon:15 true
     0 | D:1      | 0 ||| qw: Do second Lair branch before Depths: true
     0 | D:1      | 0 ||| qw: Lair rune preference: random
     0 | D:1      | 0 ||| qw: Goals: Normal
     0 | D:1      | 0 ||| PLANNING D:1-11
    17 | D:1      | Reached skill level 3 in Dodging
    71 | D:1      | Reached XP level 2. HP: 14/14 MP: 3/3
   236 | D:1      | Reached XP level 3. HP: 18/18 MP: 4/4
   283 | D:1      | You fall into a shaft and drop 1 floor!
   418 | D:2      | 418 ||| SWAPPING to +0 orcbow.
   419 | D:2      | 419 ||| DROPPING +0 shortbow.
   435 | D:2      | 435 ||| UPGRADING to +0 cloak.
   440 | D:2      | 440 ||| READING scroll labelled PYOMUCSIY YLYW.
   441 | D:2      | 441 ||| READING scroll labelled YCUANL ZEUFF.
   441 | D:2      | 441 ||| IDENTIFYING ruby potion
   442 | D:2      | 442 ||| READING scroll labelled PIPRINOTTO.
   445 | D:2      | 445 ||| DROPPING scroll of butterflies.
   761 | D:2      | Identified the +10 hand axe of Atus {flame, Will+ rCorr
                  | Dex+2}
   980 | D:2      | Reached skill level 5 in Ranged Weapons
  1051 | D:2      | Identified the +0 buckler "Ykotheifiy" {Int+3}
  1068 | D:2      | Found a faded altar of an unknown god.
  1273 | D:2      | 1273 ||| UPGRADING to +6 ring of dexterity.
  1274 | D:2      | 1274 ||| READING scroll labelled LOILEAGUNT.
  1274 | D:2      | 1274 ||| ENCHANTING +0 cloak.
  1275 | D:2      | 1275 ||| READING scroll labelled MUZOIN PUKE.
  1275 | D:2      | 1275 ||| ENCHANTING +0 orcbow.
  1414 | D:3      | Noticed Grinder
  1415 | D:3      | 1415 ||| DRINKING potion of haste.
  1428 | D:3      | Reached XP level 4. HP: 22/22 MP: 5/5
  1428 | D:3      | Killed Grinder
  1429 | D:3      | Reached XP level 5. HP: 25/25 MP: 6/6
  1429 | D:3      | Reached XP level 6. HP: 30/30 MP: 7/7
  1489 | D:3      | Found a white marble altar of Elyvilon.
  1499 | D:3      | Found an ornate altar of the Wu Jian Council.
  1526 | D:3      | Found a shimmering blue altar of Sif Muna.
  1536 | D:3      | Found a stormy altar of Qazlal.
  1641 | D:3      | Noticed Robin
  1651 | D:3      | Killed Robin
  1684 | D:3      | Found a burning altar of Makhleb.
  1756 | D:3      | Found a shimmering altar of Xom.
  1930 | D:3      | 1930 ||| READING scroll of identify.
  1930 | D:3      | 1930 ||| IDENTIFYING scroll labelled WEBICR QIOL
  1931 | D:3      | 1931 ||| DROPPING scroll of torment.
  1947 | D:4      | 1947 ||| PLANNING OSSUARY
  1997 | D:4      | Found a sand-covered staircase.
  1997 | D:4      | Noticed Duvessa
  1997 | D:4      | Noticed Dowan
  2006 | D:4      | 2006 ||| RETREEEEATING.
  2007 | D:4      | Killed Duvessa
  2008 | D:4      | 2008 ||| FLEEEEING.
  2009 | D:4      | 2009 ||| FLEEEEING.
  2010 | D:4      | 2010 ||| FLEEEEING.
  2011 | D:4      | 2011 ||| FLEEEEING.
  2031 | D:4      | Killed Dowan
  2032 | D:4      | Reached skill level 6 in Ranged Weapons
  2117 | D:4      | Found a snail-covered altar of Cheibriados.
  2123 | Ossuary  | Entered an ossuary
  2180 | Ossuary  | Reached XP level 7. HP: 35/35 MP: 8/8
  2237 | D:4      | 2237 ||| PLANNING D:1-11
  2306 | D:4      | Reached skill level 7 in Ranged Weapons
  2408 | D:4      | Reached skill level 9 in Dodging
  2455 | D:4      | 2455 ||| READING scroll of enchant armour.
  2455 | D:4      | 2455 ||| ENCHANTING +1 cloak.
  2538 | D:4      | Found a blossoming altar of Fedhas.
  2919 | D:4      | Reached XP level 8. HP: 26/39 MP: 9/9
  2975 | D:4      | 2975 ||| READING scroll labelled BUEXKUDEHA.
  2976 | D:4      | 2976 ||| READING scroll labelled YRIPNA HIMULL.
  2977 | D:4      | 2977 ||| DRINKING 2 fuming yellow potions.
  2979 | D:4      | 2979 ||| Stepping ~*~*~tactically~*~*~ (cloud).
  3109 | D:5      | Entered Level 5 of the Dungeon
  3110 | D:5      | 3110 ||| STAIRDANCE
  3114 | D:5      | 3114 ||| STAIRDANCE
  3118 | D:5      | 3118 ||| STAIRDANCE
  3122 | D:5      | 3122 ||| STAIRDANCE
  3126 | D:5      | 3126 ||| STAIRDANCE
  3132 | D:5      | 3132 ||| STAIRDANCE
  3637 | D:5      | Found an ancient bone altar of Kikubaaqudgha.
  3644 | D:5      | Reached skill level 8 in Ranged Weapons
  3692 | D:5      | 3692 ||| DRINKING 2 bubbling inky potions.
  3731 | D:6      | Reached skill level 3 in Fighting
  3742 | D:6      | 3742 ||| FLEEEEING.
  3762 | D:6      | Found an iron altar of Okawaru.
  3763 | D:6      | 3763 ||| PLANNING OKAWARU WORSHIP
  3767 | D:6      | Became a worshipper of Warmaster Okawaru
  3767 | D:6      | Noticed Maggie
  3768 | D:6      | 3768 ||| PLANNING D:1-11
  3772 | D:6      | 3772 ||| RETREEEEATING.
  3779 | D:6      | HP: 3/40 [Maggie/bolt of fire (21)]
  3780 | D:6      | 3780 ||| READING scroll of teleportation.
  3782 | D:6      | 3782 ||| ZAPPING wand of mindburst (6) at 2,0 (Maggie;
                  | floor).
  3783 | D:6      | 3783 ||| ZAPPING wand of mindburst (5) at 2,0 (Maggie;
                  | floor).
  3786 | D:6      | Killed Maggie
  3787 | D:6      | Reached skill level 9 in Ranged Weapons
  3789 | D:6      | HP: 1/40 [black bear (4)]
  3791 | D:6      | 3791 ||| ZAPPING wand of mindburst (4) at -1,0 (black bear;
                  | floor).
  3792 | D:6      | 3792 ||| ZAPPING wand of mindburst (3) at -1,0 (black bear;
                  | floor).
  3954 | D:6      | Found a staircase to the Ecumenical Temple.
  4005 | D:6      | 4005 ||| SWAPPING to +0 arbalest of freezing.
  4006 | D:6      | 4006 ||| DROPPING +1 orcbow.
  4021 | D:6      | Reached XP level 9. HP: 44/44 MP: 10/10
  4264 | D:6      | Noticed Blork the orc
  4268 | D:6      | Killed Blork the orc
  4477 | D:6      | Found Tulyrrit's Antique Weapon Shop.
  4485 | D:6      | 4485 ||| BUYING runed arbalest (135 gold).
  4485 | D:6      | Bought a runed arbalest for 135 gold pieces
  4485 | D:6      | 4485 ||| DROPPING +0 arbalest of electrocution.
  4526 | D:6      | 4526 ||| UPGRADING to +0 swamp dragon scales.
  4536 | D:6      | 4536 ||| DROPPING +0 robe.
  4537 | D:6      | 4537 ||| READING scroll labelled XYCEEL UQUTEPA.
  4599 | D:7      | Reached * piety under Okawaru
  4600 | D:7      | Reached skill level 1 in Armour
  4674 | D:7      | Reached skill level 1 in Invocations
  4686 | D:7      | 4686 ||| READING scroll of enchant armour.
  4686 | D:7      | 4686 ||| ENCHANTING +0 swamp dragon scales.
  4867 | D:7      | 4867 ||| RETREEEEATING.
  4868 | D:7      | 4868 ||| RETREEEEATING.
  4875 | D:7      | Reached skill level 10 in Ranged Weapons
  5037 | D:7      | Noticed a troll
  5038 | D:7      | 5038 ||| INVOKING Heroism.
  5041 | D:7      | Killed a troll
  5042 | D:7      | Reached skill level 3 in Invocations
  5062 | D:7      | 5062 ||| READING 2 scrolls of identify.
  5062 | D:7      | 5062 ||| IDENTIFYING fizzy yellow potion
  5063 | D:7      | 5063 ||| READING scroll of identify.
  5063 | D:7      | 5063 ||| IDENTIFYING orange potion
  5064 | D:7      | 5064 ||| READING scroll labelled XAJ OP BEDOFECW.
  5065 | D:7      | 5065 ||| DROPPING potion of lignification.
  5120 | D:8      | Noticed Joseph
  5121 | D:8      | 5121 ||| INVOKING Heroism.
  5125 | D:8      | Killed Joseph
  5257 | D:8      | Found a staircase to the Lair.
  5258 | D:8      | Noticed a komodo dragon
  5261 | D:8      | 5261 ||| ZAPPING wand of acid (4) at -5,2 (komodo dragon;
                  | floor).
  5266 | D:8      | 5266 ||| ZAPPING wand of acid (3) at -5,3 (komodo dragon;
                  | floor).
  5267 | D:8      | 5267 ||| ZAPPING wand of acid (2) at -4,2 (komodo dragon;
                  | floor).
  5268 | D:8      | 5268 ||| INVOKING Heroism.
  5270 | D:8      | Killed a komodo dragon
  5308 | D:8      | 5308 ||| RETREEEEATING.
  5310 | D:8      | 5310 ||| RETREEEEATING.
  5320 | D:8      | Reached XP level 10. HP: 41/49 MP: 14/14
  5417 | D:8      | 5417 ||| RETREEEEATING.
  5419 | D:8      | 5419 ||| RETREEEEATING.
  5421 | D:8      | 5421 ||| RETREEEEATING.
  5425 | D:8      | 5425 ||| RETREEEEATING.
  5426 | D:8      | 5426 ||| RETREEEEATING.
  5427 | D:8      | 5427 ||| RETREEEEATING.
  5428 | D:8      | 5428 ||| RETREEEEATING.
  5429 | D:8      | 5429 ||| RETREEEEATING.
  5431 | D:8      | 5431 ||| RETREEEEATING.
  5432 | D:8      | 5432 ||| RETREEEEATING.
  5433 | D:8      | 5433 ||| RETREEEEATING.
  5434 | D:8      | 5434 ||| RETREEEEATING.
  5436 | D:8      | 5436 ||| RETREEEEATING.
  5437 | D:8      | 5437 ||| RETREEEEATING.
  5438 | D:8      | 5438 ||| RETREEEEATING.
  5441 | D:8      | 5441 ||| RETREEEEATING.
  5442 | D:8      | 5442 ||| RETREEEEATING.
  5443 | D:8      | 5443 ||| RETREEEEATING.
  5444 | D:8      | 5444 ||| RETREEEEATING.
  5445 | D:8      | 5445 ||| RETREEEEATING.
  5446 | D:8      | 5446 ||| RETREEEEATING.
  5449 | D:8      | Reached ** piety under Okawaru
  5450 | D:8      | Reached skill level 11 in Ranged Weapons
  5453 | D:8      | 5453 ||| INVOKING Heroism.
  5501 | D:8      | 5501 ||| READING scroll of enchant armour.
  5501 | D:8      | 5501 ||| ENCHANTING +1 swamp dragon scales.
  5514 | D:8      | 5514 ||| INVOKING Heroism.
  5652 | D:8      | Found Iliage's Armour Shoppe.
  5671 | D:8      | 5671 ||| READING scroll labelled JUIGIONG MEAM.
  5781 | D:8      | Noticed an orange demon
  5782 | D:8      | 5782 ||| INVOKING Heroism.
  5784 | D:8      | Killed an orange demon
  5784 | D:8      | Noticed Amaemon
  5785 | D:8      | Reached skill level 12 in Ranged Weapons
  5790 | D:8      | Killed Amaemon
  5833 | D:8      | Reached *** piety under Okawaru
  5997 | D:8      | Noticed Erica
  5998 | D:8      | 5998 ||| INVOKING Heroism.
  6004 | D:8      | Killed Erica
  6055 | D:8      | Found a sacrificial altar of Ru.
  6101 | D:8      | Reached **** piety under Okawaru
  6265 | D:8      | 6265 ||| PLANNING LAIR
  6265 | D:8      | 6265 ||| DROPPING ring of ice.
  6266 | D:8      | 6266 ||| UPGRADING to +4 ring of protection.
  6267 | D:8      | 6267 ||| READING scroll labelled WUAGON WIMION.
  6302 | Lair:1   | Entered Level 1 of the Lair of Beasts
  6306 | Lair:1   | 6306 ||| STAIRDANCE
  6329 | Lair:1   | 6329 ||| RETREEEEATING.
  6330 | Lair:1   | 6330 ||| RETREEEEATING.
  6331 | Lair:1   | 6331 ||| RETREEEEATING.
  6332 | Lair:1   | 6332 ||| RETREEEEATING.
  6333 | Lair:1   | 6333 ||| RETREEEEATING.
  6337 | Lair:1   | Reached XP level 11. HP: 56/56 MP: 15/15
  6475 | Lair:1   | 6475 ||| RETREEEEATING.
  6477 | Lair:1   | 6477 ||| RETREEEEATING.
  6478 | Lair:1   | 6478 ||| RETREEEEATING.
  6553 | Lair:1   | 6553 ||| INVOKING Finesse.
  6558 | Lair:1   | 6558 ||| RETREEEEATING.
  6559 | Lair:1   | 6559 ||| RETREEEEATING.
  6560 | Lair:1   | 6560 ||| RETREEEEATING.
  6562 | Lair:1   | 6562 ||| RETREEEEATING.
  6563 | Lair:1   | 6563 ||| RETREEEEATING.
  6564 | Lair:1   | 6564 ||| RETREEEEATING.
  6565 | Lair:1   | 6565 ||| RETREEEEATING.
  6566 | Lair:1   | 6566 ||| RETREEEEATING.
  6567 | Lair:1   | 6567 ||| RETREEEEATING.
  6568 | Lair:1   | 6568 ||| RETREEEEATING.
  6569 | Lair:1   | 6569 ||| RETREEEEATING.
  6570 | Lair:1   | 6570 ||| RETREEEEATING.
  6571 | Lair:1   | 6571 ||| RETREEEEATING.
  6572 | Lair:1   | 6572 ||| RETREEEEATING.
  6573 | Lair:1   | 6573 ||| RETREEEEATING.
  6574 | Lair:1   | 6574 ||| RETREEEEATING.
  6575 | Lair:1   | 6575 ||| RETREEEEATING.
  6576 | Lair:1   | 6576 ||| RETREEEEATING.
  6577 | Lair:1   | 6577 ||| RETREEEEATING.
  6578 | Lair:1   | 6578 ||| RETREEEEATING.
  6579 | Lair:1   | 6579 ||| RETREEEEATING.
  6580 | Lair:1   | 6580 ||| RETREEEEATING.
  6581 | Lair:1   | 6581 ||| RETREEEEATING.
  6582 | Lair:1   | 6582 ||| INVOKING Finesse.
  6588 | Lair:1   | 6588 ||| INVOKING Heroism.
  6602 | Lair:1   | Reached skill level 13 in Ranged Weapons
  6608 | Lair:1   | Reached skill level 6 in Invocations
  6610 | Lair:1   | Reached skill level 12 in Dodging
  6611 | Lair:1   | 6611 ||| INVOKING Finesse.
  6793 | Lair:1   | You fall into a shaft and drop 1 floor!
  6793 | Lair:2   | Found a hole to the Spider Nest.
  6808 | Lair:2   | 6808 ||| Stepping randomly (stuck).
  6819 | Lair:2   | 6819 ||| Stepping randomly (stuck).
  6840 | Lair:2   | 6840 ||| Stepping randomly (stuck).
  6970 | Lair:2   | Reached ***** piety under Okawaru
  7378 | Lair:1   | Received a gift from Okawaru
  7570 | Lair:1   | 7570 ||| UPGRADING to +5 ring of evasion.
  7572 | Lair:1   | 7572 ||| DROPPING +4 ring of protection.
  7573 | Lair:1   | 7573 ||| READING scroll of identify.
  7573 | Lair:1   | 7573 ||| IDENTIFYING cyan potion
  7574 | Lair:1   | 7574 ||| READING scroll labelled TUCAAH GO BIU.
  7675 | Lair:1   | 7675 ||| DROPPING potion of degeneration.
  7709 | Lair:2   | Reached skill level 14 in Ranged Weapons
  7723 | Lair:2   | HP: 12/56 [elephant (3)]
  7727 | Lair:2   | Reached XP level 12. HP: 8/60 MP: 19/19
  7970 | Lair:2   | 7970 ||| RETREEEEATING.
  7971 | Lair:2   | 7971 ||| RETREEEEATING.
  7972 | Lair:2   | 7972 ||| RETREEEEATING.
  7973 | Lair:2   | 7973 ||| RETREEEEATING.
  7974 | Lair:2   | 7974 ||| RETREEEEATING.
  7975 | Lair:2   | 7975 ||| RETREEEEATING.
  7976 | Lair:2   | 7976 ||| RETREEEEATING.
  7977 | Lair:2   | 7977 ||| RETREEEEATING.
  7978 | Lair:2   | 7978 ||| INVOKING Finesse.
  7980 | Lair:2   | Reached skill level 6 in Fighting
  7982 | Lair:2   | Received a gift from Okawaru
  7997 | Lair:2   | Reached skill level 9 in Invocations
  8680 | Lair:2   | 8680 ||| DRINKING 2 purple potions.
  8681 | Lair:2   | 8681 ||| DROPPING potion of invisibility.
  8730 | Lair:3   | Noticed Josephine
  8731 | Lair:3   | 8731 ||| INVOKING Finesse.
  8735 | Lair:3   | 8735 ||| FLEEEEING.
  8736 | Lair:3   | 8736 ||| FLEEEEING.
  8738 | Lair:3   | Killed Josephine
  8743 | Lair:3   | 8743 ||| FLEEEEING.
  8744 | Lair:3   | 8744 ||| FLEEEEING.
  8746 | Lair:3   | 8746 ||| STAIRDANCE
  8868 | Lair:3   | 8868 ||| STAIRDANCE
  8882 | Lair:3   | 8882 ||| INVOKING Finesse.
  8883 | Lair:3   | HP: 10/61 [skyshark (23)]
  8883 | Lair:3   | HP: 2/61 [skyshark (8)]
  8884 | Lair:3   | 8884 ||| INVOKING Heroism.
  8884 | Lair:3   | Slain by a skyshark

Levels and vault maps discovered:
D:1:      co_arrival_square_in_a_square_in_a_square, layout_rooms, minivault_5,
          st_stairs_12
D:2:      layout_basic, dreamdust_ecumenical_altar_angels_and_demons
D:3:      layout_basic, mainiacjoe_overflow_large_starburst,
          nicolae_overflow_crystal_walls, mainiacjoe_overflow_24_doors,
          grunt_temple_overflow_open, uniq_robin, uniq_grinder
D:4:      layout_basic, mainiacjoe_overflow_cross_hatched,
          fedhas_ov_isle_minmay, enter_ossuary_3, uniq_duvessa
D:5:      layout_gridville, regret_index_kikubaaqudgha_part_by_part
D:6:      layout_loops_ring, mainiacjoe_overflow_six_doors_small,
          temple_doors_e, serial_shops, nicolae_stop_n_shop_2,
          uniq_blork_the_orc, uniq_maggie
D:7:      layout_rooms
D:8:      layout_cave_pods, kennysheep_mini_moat, david_lair_shrubbed,
          serial_shops, shop, minmay_misc_feat_alley, uniq_joseph, uniq_erica,
          uniq_amaemon
Lair:1:   layout_cave_pods
Lair:2:   layout_hall_layers, nicolae_spider_entry_non_spiders, st_stairs_8,
          hibernation_bobbens
Lair:3:   layout_chaotic_city, swamp_mist_pool, uniq_rupert, uniq_josephine,
          uniq_kirke

Skill      XL: |  1  2  3  4  5  6  7  8  9 10 11 12 |
---------------+-------------------------------------+-----
Dodging        | 3 4 7 9 10 11 12 13 | 13.1
Ranged Weapons | 5 6 7 9 10 12 14 | 14.0
Fighting       | 2 3 4 5 6 |  6.0
Armour         | 1 2 |  2.3
Invocations    | 4 8 9 |  9.8
Stealth        | |  1.5

Action                     |  1- 3 |  4- 6 |  7- 9 | 10-12 || total
---------------------------+-------+-------+-------+-------++-------
   Fire: Shortbow          |    61 |       |       |       ||    61
         Orcbow            |    68 |    92 |   218 |       ||   378
         Arbalest          |       |       |    84 |   394 ||   478
 Invoke: Heroism           |       |       |     3 |     6 ||     9
         Finesse           |       |       |       |     6 ||     6
  Evoke: Wand              |       |       |     7 |       ||     7
    Use: Scroll            |     5 |     1 |     9 |     5 ||    20
         Potion            |     1 |       |     2 |     1 ||     4
 Armour: Robe              |    14 |    17 |    21 |       ||    52
         Swamp dragon scal |       |       |     7 |   170 ||   177
  Dodge: Dodged            |    62 |    57 |   155 |   504 ||   778

Table legend:
 A = Non-vault XP
 B = Vault XP
 C = Vault XP percentage of total XP
 D = Non-vault monster count
 E = Vault monster count
 F = Vault count percentage of total count
                 A         B        C        D         E       F
            +---------+---------+-------+---------+---------+-------
      Total |   21932 |    6727 |  23.5 |     236 |      69 |  22.6
            +---------+---------+-------+---------+---------+-------
        D:1 |      50 |       2 |   3.8 |      29 |       2 |   6.5
        D:2 |      38 |       0 |   0.0 |      17 |       0 |   0.0
        D:3 |      25 |     346 |  93.3 |      11 |      13 |  54.2
        D:4 |     678 |     215 |  24.1 |      23 |       3 |  11.5
        D:5 |     144 |     115 |  44.4 |      11 |      10 |  47.6
        D:6 |    1079 |     478 |  30.7 |      21 |       2 |   8.7
        D:7 |     957 |       0 |   0.0 |      12 |       0 |   0.0
        D:8 |    3328 |    2853 |  46.2 |      45 |       5 |  10.0
     Lair:1 |    8595 |       0 |   0.0 |      41 |       0 |   0.0
     Lair:2 |    6746 |    1492 |  18.1 |      24 |      12 |  33.3
     Lair:3 |     292 |    1110 |  79.2 |       2 |       2 |  50.0
    Ossuary |       0 |     116 | 100.0 |       0 |      20 | 100.0
            +---------+---------+-------+---------+---------+-------
